 Dungeon Crawl Stone Soup version 0.21.0-3-g78d12a8 (console) character file.

527 ahub the Shield-Bearer (level 7, -1/60 HPs)
             Began as a Gnoll Fighter on Jan 12, 2018.
             Was a Follower of Okawaru.
             Killed from afar by Blork the orc (4 damage)
             ... with a magic dart
             ... on level 4 of the Dungeon.
             The game lasted 00:07:33 (3906 turns).

ahub the Shield-Bearer (Gnoll Fighter)              Turns: 3906, Time: 00:07:33

Health: -1/60      AC:  7    Str: 20    XL:     7   Next: 23%
Magic:  8/9        EV: 13    Int: 10    God:    Okawaru [*.....]
Gold:   152        SH: 12    Dex: 17    Spells: 10/10 levels left

rFire    x . .     SeeInvis .   j - staff of wizardry
rCold    + . .     Gourm    .   c - +1 shield
rNeg     . . .     Faith    .   b - +0 scale mail
rPois    +         Spirit   .   (no helmet)
rElec    .         Reflect  .   (no cloak)
rCorr    .         Harm     .   (no gloves)
MR       +....                  (no boots)
Stlth    +.........             (no amulet)
HPRegen  0.20/turn              p - +4 ring of evasion
MPRegen  0.11/turn              t - ring of ice

@: no status effects
A: distributed training, fangs 1, agile 1, low mp 1, magic resistance 1, poison
resistance, strong nose
a: Heroism, Renounce Religion


You were on level 4 of the Dungeon.
You worshipped Okawaru.
Okawaru was aware of your devotion.
You were hungry.

You visited 1 branch of the dungeon, and saw 4 of its levels.

You collected 152 gold pieces.

Inventory:

Hand Weapons
 a - a +0 trident
Armour
 b - a +0 scale mail (worn)
 c - a +1 shield (worn)
Magical Staves
 j - an uncursed staff of wizardry (weapon)
Jewellery
 k - a cursed amulet of inaccuracy
 p - a +4 ring of evasion (left hand)
 s - an uncursed ring of see invisible
 t - a ring of ice (right hand)
Wands
 l - a wand of random effects (27)
 m - a wand of acid (7)
Scrolls
 e - 2 scrolls of fog
 g - a scroll of amnesia
 h - 4 scrolls of identify
 i - a scroll of remove curse
 o - a scroll of enchant weapon {unknown}
Potions
 d - a potion of might
 r - a potion of haste
Comestibles
 f - 6 rations


   Skills:
 + Level 7.0 Fighting
 + Level 2.3 Short Blades
 + Level 2.3 Long Blades
 + Level 2.3 Axes
 + Level 2.3 Maces & Flails
 + Level 5.1 Polearms
 + Level 2.3 Staves
 + Level 2.3 Slings
 + Level 2.3 Bows
 + Level 2.3 Crossbows
 + Level 2.3 Throwing
 + Level 7.0 Armour
 + Level 2.3 Dodging
 + Level 2.3 Stealth
 + Level 7.0 Shields
 + Level 2.3 Unarmed Combat
 + Level 2.3 Spellcasting
 + Level 1.8 Conjurations
 + Level 1.8 Hexes
 + Level 1.8 Charms
 + Level 1.8 Summonings
 + Level 1.8 Necromancy
 + Level 1.8 Translocations
 + Level 1.8 Transmutations
 + Level 1.8 Fire Magic
 + Level 1.8 Ice Magic
 + Level 1.8 Air Magic
 + Level 1.8 Earth Magic
 + Level 1.8 Poison Magic
 + Level 2.5 Invocations
 + Level 2.3 Evocations


You had 10 spell levels left.
You didn't know any spells.

Dungeon Overview and Level Annotations

Branches:
Dungeon (4/15)             Temple (0/1) D:4

Altars:
Okawaru
The Shining One

Annotations:
D:4 Blork the orc


Innate Abilities, Weirdness & Mutations

Your experience applies equally to all skills.
You have very sharp teeth.
Your uncanny sense of smell can sniff out nearby items.
You are agile. (Dex +2)
Your magical capacity is low. (-10% MP)
You are resistant to hostile enchantments. (MR+)
Your system is resistant to poisons. (rPois)


Message History

Okawaru accepts your kill. Something hits you.
* * * LOW HITPOINT WARNING * * *
You hit the orc.
The orc is heavily wounded.
The orc closely misses you. You block something's attack.
You hit the orc.
You kill the orc!
Okawaru accepts your kill.
You feel like a meek peon again.
You hear some strange, mumbled words.
A puff of frost appears from out of thin air!
You block the puff of frost.
Evoke which item? (* to show all) (? for menu, Esc to quit)
Aiming: Corrosive Bolt
Press: ? - help, Shift-Dir - straight line The bolt of acid hits something.
The acid corrodes something!
A magic dart appears from out of thin air!
The magic dart hits you!
You die...

##...# ....# #...## .... ..
##... ..∆ #...# .. #.o{# .
#)# ###+### #@# #.....#
#.## # #.###.####..# ####
+.+>#.'.##>.# ...#
#.###.#.##..##
...####...(.#..##..######.#
......###'####..).(........
#####.###.# ####...###### #
#.....##### #.#...##### #
####......# #####.....#
######## ### #####.#


You could see an orc.

Vanquished Creatures
  An ice beast (D:3)
  A howler monkey (D:4)
  A centaur skeleton (D:4)
  An iguana (D:4)
  An orc wizard (D:4)
  Natasha (D:4)
  2 worker ants (D:4)
  A hound skeleton (D:4)
  Robin (D:4)
  8 adders
  An ooze (D:1)
  3 worms
  3 dart slugs
  6 leopard geckos
  10 orcs
  2 giant cockroaches
  10 goblins
  9 hobgoblins
  8 jackals (D:2)
  A quokka (D:3)
  A ball python (D:4)
  7 bats
  4 frilled lizards
  9 kobolds
  7 rats
99 creatures vanquished.

Vanquished Creatures (others)
  An orc wizard (D:4)
  A quokka (D:4)
2 creatures vanquished.

Grand Total: 101 creatures vanquished

Notes
Turn   | Place    | Note
-------+----------+-------------------------------------------
     0 | D:1      | ahub the Gnoll Fighter began the quest for the Orb.
     0 | D:1      | Reached XP level 1. HP: 23/23 MP: 1/1
    79 | D:1      | Reached XP level 2. HP: 24/29 MP: 2/2
   557 | D:1      | Reached XP level 3. HP: 35/35 MP: 3/3
   819 | D:2      | Reached skill level 1 in Invocations
   859 | D:2      | Reached skill level 1 in Short Blades
   859 | D:2      | Reached skill level 1 in Long Blades
   859 | D:2      | Reached skill level 1 in Axes
   859 | D:2      | Reached skill level 1 in Maces & Flails
   859 | D:2      | Reached skill level 1 in Staves
   859 | D:2      | Reached skill level 1 in Slings
   859 | D:2      | Reached skill level 1 in Bows
   859 | D:2      | Reached skill level 1 in Crossbows
   859 | D:2      | Reached skill level 1 in Throwing
   859 | D:2      | Reached skill level 1 in Dodging
   859 | D:2      | Reached skill level 1 in Stealth
   859 | D:2      | Reached skill level 1 in Unarmed Combat
   859 | D:2      | Reached skill level 1 in Spellcasting
   859 | D:2      | Reached skill level 1 in Evocations
   877 | D:2      | Reached XP level 4. HP: 16/41 MP: 5/5
  1195 | D:2      | HP: 2/41 [poisoned by an adder]
  1592 | D:2      | Reached skill level 1 in Conjurations
  1592 | D:2      | Reached skill level 1 in Hexes
  1592 | D:2      | Reached skill level 1 in Charms
  1592 | D:2      | Reached skill level 1 in Summonings
  1592 | D:2      | Reached skill level 1 in Necromancy
  1592 | D:2      | Reached skill level 1 in Translocations
  1592 | D:2      | Reached skill level 1 in Transmutations
  1592 | D:2      | Reached skill level 1 in Fire Magic
  1592 | D:2      | Reached skill level 1 in Ice Magic
  1592 | D:2      | Reached skill level 1 in Air Magic
  1592 | D:2      | Reached skill level 1 in Earth Magic
  1592 | D:2      | Reached skill level 1 in Poison Magic
  1947 | D:2      | Reached XP level 5. HP: 45/47 MP: 6/6
  2185 | D:3      | Found an iron altar of Okawaru.
  2218 | D:3      | Gained mutation: You are dopey. (Int -2) [potion of mutation]
  2218 | D:3      | Gained mutation: Armour fits poorly on your strangely shaped body. [potion of mutation]
  2218 | D:3      | Gained mutation: Your system is resistant to poisons. (rPois) [potion of mutation]
  2455 | D:3      | Became a worshipper of Warmaster Okawaru
  2584 | D:3      | Lost mutation: Armour fits poorly on your strangely shaped body. [potion of mutation]
  2584 | D:3      | Lost mutation: You are dopey. (Int -2) [potion of mutation]
  2584 | D:3      | Gained mutation: You are resistant to hostile enchantments. (MR+) [potion of mutation]
  2584 | D:3      | Gained mutation: Your magical capacity is low. (-10% MP) [potion of mutation]
  2584 | D:3      | Gained mutation: You are agile. (Dex +2) [potion of mutation]
  2683 | D:3      | Noticed an ice beast
  2715 | D:3      | Killed an ice beast
  2715 | D:3      | Reached XP level 6. HP: 24/53 MP: 7/7
  3175 | D:4      | Found a glowing golden altar of the Shining One.
  3233 | D:4      | Reached skill level 5 in Polearms
  3369 | D:4      | Noticed Robin
  3394 | D:4      | Killed Robin
  3394 | D:4      | Reached XP level 7. HP: 37/59 MP: 9/9
  3537 | D:4      | Noticed Natasha
  3554 | D:4      | Killed Natasha
  3581 | D:4      | Found a staircase to the Ecumenical Temple.
  3611 | D:4      | Reached * piety under Okawaru
  3878 | D:4      | Noticed Blork the orc
  3903 | D:4      | HP: 2/60 [something (3)]
  3906 | D:4      | Killed from afar by Blork the orc

Skill      XL: |  1  2  3  4  5  6  7 |
---------------+----------------------+-----
Invocations    | 1 2 |  2.5
Short Blades   | 1 2 |  2.3
Long Blades    | 1 2 |  2.3
Axes           | 1 2 |  2.3
Maces & Flails | 1 2 |  2.3
Staves         | 1 2 |  2.3
Slings         | 1 2 |  2.3
Bows           | 1 2 |  2.3
Crossbows      | 1 2 |  2.3
Throwing       | 1 2 |  2.3
Dodging        | 1 2 |  2.3
Stealth        | 1 2 |  2.3
Unarmed Combat | 1 2 |  2.3
Spellcasting   | 1 2 |  2.3
Evocations     | 1 2 |  2.3
Conjurations   | 1 |  1.8
Hexes          | 1 |  1.8
Charms         | 1 |  1.8
Summonings     | 1 |  1.8
Necromancy     | 1 |  1.8
Translocations | 1 |  1.8
Transmutations | 1 |  1.8
Fire Magic     | 1 |  1.8
Ice Magic      | 1 |  1.8
Air Magic      | 1 |  1.8
Earth Magic    | 1 |  1.8
Poison Magic   | 1 |  1.8
Polearms       | 5 |  5.1
Fighting       | 7 |  7.0
Armour         | 7 |  7.0
Shields        | 7 |  7.0

Action                   |  1- 3 |  4- 6 |  7- 9 || total
-------------------------+-------+-------+-------++-------
Melee: Trident           |   104 |    54 |       ||   158
       Bite              |    10 |    42 |    11 ||    63
       Staff             |       |   267 |    88 ||   355
Invok: Heroism           |       |       |     1 ||     1
Evoke: Wand              |       |     3 |     1 ||     4
  Use: Scroll            |       |     6 |       ||     6
       Potion            |       |     6 |     1 ||     7
  Eat: Chunk             |       |     9 |     1 ||    10
Armor: Scale mail        |    34 |   102 |    18 ||   154
Dodge: Dodged            |    40 |    97 |    31 ||   168
Block: Shield            |    59 |   184 |    36 ||   279
